 Dungeon Crawl Stone Soup version 0.17-a0-1941-gcc30b76 (webtiles) character file.

196 Kusio the Basher (level 5, 0/48 HPs)
             Began as an Ogre Berserker on Sept 30, 2015.
             Was a Priest of Trog.
             Slain by a gnoll
             ... wielding a +0 spear
              (6 damage)
             ... on level 4 of the Dungeon.
             The game lasted 00:05:48 (2491 turns).

Kusio the Basher (Ogre Berserker)                   Turns: 2491, Time: 00:05:48

Health: 0/48       AC:  3    Str: 27    XL:     5   Next: 74%
Magic:  5/5        EV: 10    Int:  6    God:    Trog [***...]
Gold:   120        SH:  0    Dex: 12    Spells: 0 memorised, 4 levels left

rFire  . . .     SeeInvis .     a - +0 mace
rCold  . . .     Clarity  .     b - +0 animal skin
rNeg   . . .     SustAt   .     (no shield)
rPois  .         Gourm    .     (helmet restricted)
rElec  .         Spirit   .     (no cloak)
rCorr  .         Warding  .     (gloves unavailable)
rMut   .         Stasis   .     (boots unavailable)
MR     .....                    (no amulet)
Stlth  +.........               (no ring)
                                l - +5 ring of strength

@: not resistant to hostile enchantments, very unstealthy
A: unfitting armour, agile 1, frail 1, sense surroundings 1, tough skin 1
a: Burn Spellbooks, Berserk, Trog's Hand, Renounce Religion


You were on level 4 of the Dungeon.
You worshipped Trog.
Trog was most pleased with you.
You were very hungry.

You visited 1 branch of the dungeon, and saw 4 of its levels.

You collected 120 gold pieces.

Inventory:

Hand weapons
 a - a +0 mace (weapon)
Armour
 b - a +0 animal skin (worn)
Jewellery
 l - a +5 ring of strength (left hand)
Scrolls
 d - a scroll of random uselessness {unknown}
 f - 2 scrolls of teleportation
 g - a scroll of magic mapping {unknown}
 h - a scroll of enchant armour {unknown}
 k - 3 scrolls of recharging
 m - a scroll of remove curse
Potions
 e - 4 potions of curing
 i - a potion of heal wounds
Comestibles
 c - 3 bread rations
 n - 3 meat rations
 q - 3 fruits


   Skills:
 - Level 4.0 Fighting
 + Level 8.2 Maces & Flails
 - Level 2.6 Dodging


You had 4 spell levels left.
You didn't know any spells.

Dungeon Overview and Level Annotations

Branches:
Dungeon (4/15)
 Temple: D:4-7

Altars:


Innate Abilities, Weirdness & Mutations

You are too large for most types of armour.
You have tough skin (AC +1).
You are agile. (Dex +2)
You are frail (-10% HP).
You passively map a small area around you.


Message History

The gnoll hits you with a flail.
You hit the gnoll.
The gnoll is moderately wounded.
The gnoll hits you with a spear.
You closely miss the gnoll.
The gnoll is moderately wounded.
The gnoll hits you with a flail. The gnoll hits you with a spear!
You hit the gnoll but do no damage.
The gnoll is moderately wounded.
The gnoll hits you with a flail. The gnoll hits you with a spear.
Use which ability?
You're too hungry to go berserk.
You thump the gnoll!
The gnoll is severely wounded.
The gnoll hits you with a flail.
* * * LOW HITPOINT WARNING * * *
The gnoll hits you with a spear!
* * * LOW HITPOINT WARNING * * *
The gnoll hits you from afar with a spear.
You die...

* #* #.####### ##### .# #.......#
#### #...# ... #.#.....+ ..#
#...########## ...##.#.....####.#
#.............
.................###...........[.
.#....#....##....................
...............#@................
#.#..)......#..#........#########
.........g..#..gg.......##
................>........#
#...........)....#.#.#.#.#
##....#........#.#.#...#.#######
..#.######.....#.#.##..........#
#+#. ##.....+.#...#..######.# ..
#.##......#.##.##^......#


You could see 2 gnolls.

Vanquished Creatures
  Jessica (D:2)
  6 gnolls
  5 adders
  An ooze (D:2)
  3 worms
  A giant gecko (D:3)
  An orc (D:3)
  A giant cockroach (D:3)
  10 hobgoblins
  6 jackals (D:2)
  4 kobolds
  A ball python (D:3)
  5 bats
  4 giant newts
  6 goblins
  9 rats
64 creatures vanquished.

Notes
Turn   | Place    | Note
--------------------------------------------------------------
     0 | D:1      | Kusio the Ogre Berserker began the quest for the Orb.
     0 | D:1      | Reached XP level 1. HP: 24/24 MP: 1/1
   177 | D:1      | Reached XP level 2. HP: 26/32 MP: 2/2
   552 | D:1      | Reached skill level 5 in Maces & Flails
   960 | D:2      | Acquired Trog's second power
   982 | D:2      | Reached XP level 3. HP: 26/39 MP: 3/3
  1077 | D:2      | Noticed Jessica
  1086 | D:2      | Killed Jessica
  1086 | D:2      | Reached skill level 6 in Maces & Flails
  1150 | D:2      | Reached XP level 4. HP: 29/48 MP: 4/4
  1259 | D:2      | Reached skill level 7 in Maces & Flails
  1511 | D:2      | Reached XP level 5. HP: 47/54 MP: 5/5
  2256 | D:3      | Reached skill level 8 in Maces & Flails
  2480 | D:3      | Gained mutation: You passively map a small area around you. [potion of mutation]
  2480 | D:3      | Gained mutation: You are frail (-10% HP). [potion of mutation]
  2480 | D:3      | Gained mutation: You are agile. (Dex +2) [potion of mutation]
  2491 | D:4      | Slain by a gnoll

Vault maps used:
D:1:      enne_arrival_octagon_isle
D:2:      wad_floor_pattern_untrapped, uniq_jessica
D:3:      first_bread
D:4:      overflow_temple_1_default, kennysheep_doodads, uniq_grinder

Action                   |  1- 3 |  4- 6 || total
-------------------------+-------+-------++-------
Melee: Mace              |    73 |   102 ||   175
Invok: Berserk           |     1 |     2 ||     3
  Use: Scroll            |       |     6 ||     6
       Potion            |       |     2 ||     2
 Stab: Sleeping          |       |     1 ||     1
  Eat: Chunk             |     2 |     5 ||     7
